 Dungeon Crawl Stone Soup version 0.31-a0-167-g1c394c0614 (webtiles) character file.

Game seed: 5839702464698699368

167 qw the Shooter (level 5, -3/32 HPs)
             Began as a Gargoyle Hunter on June 14, 2023.
             Slain by an orc
             ... wielding a +0 war axe
              (7 damage)
             ... on level 4 of the Dungeon.
             The game lasted 00:00:51 (2279 turns).

qw the Shooter (Gargoyle Hunter)                    Turns: 2279, Time: 00:00:52

Health: -3/32      AC:  9    Str: 15    XL:     5   Next: 48%
Magic:  5/5        EV: 11    Int:  9    God:
Gold:   223        SH:  0    Dex: 15    Spells: 4/4 levels left

rFire   . . .        Y - +2 shortbow
rCold   . . .        (shield currently unavailable)
rNeg    + . .        h - +0 ring mail
rPois   inf          (no helmet)
rElec   +            (no cloak)
rCorr   .            (no gloves)
SInv    .            (no boots)
Will    .....        (no amulet)
Stlth   +            (no ring)
HPRegen 0.25/turn    (no ring)
MPRegen 0.09/turn

%: no passive effects
@: about to teleport
A: sickness immunity, AC +4, negative energy resistance 1, electricity
resistance, torment resistance 1, petrification resistance
a: no special abilities


You were on level 4 of the Dungeon.
You visited 1 branch of the dungeon, and saw 4 of its levels.

You collected 223 gold pieces.


Innate Abilities, Weirdness & Mutations

You are immune to sickness and miasma.
Your stone body is resilient. (AC +4)
You are immune to poison.
You resist negative energy. (rN+)
You are resistant to electric shocks. (rElec)
You are resistant to unholy torment.
You are immune to petrification.


   Skills:
 + Level 3.3 Fighting
 - Level 6.0 Ranged Weapons
 - Level 1.0 Armour
 - Level 1.5 Dodging
 - Level 1.1 Stealth


You had 4 spell levels left.
You didn't know any spells.
Your spell library was empty.

Inventory:

Hand Weapons
 Y - a +2 shortbow (weapon)
Armour
 h - a +0 ring mail (worn)
Scrolls
 a - a scroll of identify
 d - a scroll of teleportation
Potions
 b - 2 potions of curing
 c - a potion of lignification {unknown}
 k - a potion of might

Dungeon Overview and Level Annotations

Branches:
Dungeon (4/15)
 Temple: D:4-7

Altars:


Message History

The orc barely misses you.
You shoot an arrow. The arrow barely misses the orc.
The orc misses you. The orc hits you but does no damage.
You shoot an arrow. The arrow closely misses the orc.
You shoot an arrow. The arrow closely misses the goblin.
The goblin closely misses you. The orc barely misses you.
You shoot an arrow. The arrow hits the goblin!
You kill the goblin!
The orc misses you. The orc hits you with a +0 war axe.
You shoot an arrow.
The arrow hits the orc but does no damage.
The orc hits you with a +0 whip. The orc completely misses you.
The orc hits you with a +0 war axe.
You shoot an arrow. The arrow hits the orc.
The orc is moderately wounded.
The orc barely misses you. The orc closely misses you.
The orc hits you but does no damage. x2; The orc closely misses you. x2
You shoot an arrow. The arrow hits the orc.
You kill the orc!
The orc hits you but does no damage. The orc hits you with a +0 club.
You shoot an arrow. The arrow hits the orc.
The orc is almost dead.
The orc closely misses you. x2
You shoot an arrow. The arrow hits the orc.
You kill the orc!
The orc hits you with a +0 war axe.
You shoot an arrow. The arrow barely misses the orc.
The orc hits you but does no damage.
You shoot an arrow. The arrow closely misses the orc.
The orc barely misses you. The orc completely misses you.
You shoot an arrow. The arrow hits the orc.
The orc is moderately wounded.
The orc hits you with a +0 war axe.
2278 ||| READING 2 scrolls of teleportation.
As you read the scroll of teleportation, it crumbles to dust.
You feel strangely unstable. The orc hits you with a +0 war axe.
You shoot an arrow. The arrow barely misses the orc.
The orc hits you with a +0 war axe!
You die...

....#....# .........##
.
..........##########..
...............#......
.......##.#..##....
.......#....###..
.............#.#
...............##
...............@#
....##........o))....#
.. #.......#....#..# .
#.......###.#.# ..
.......... #.#.#
..##.....>##.... ..
#...........## ...
##.#


You could see an orc.

Vanquished Creatures
  A scorpion (D:4)
  A river rat (D:4)
  3 adders
  2 dart slugs
  7 orcs
  An endoplasm (D:3)
  5 giant cockroaches
  5 goblins
  5 hobgoblins
  10 jackals
  4 kobolds
  4 ball pythons
  5 bats
  A frilled lizard (D:3)
  3 rats
57 creatures vanquished.

Notes
Turn   | Place    | Note
-------+----------+-------------------------------------------
     0 | D:1      | qw the Gargoyle Hunter began the quest for the Orb.
     0 | D:1      | Reached XP level 1. HP: 12/12 MP: 1/1
     0 | D:1      | 0 ||| qw: Version: 0.2-a-29-g1fa15c8
     0 | D:1      | 0 ||| qw: Game counter: 5055
     0 | D:1      | 0 ||| qw: Always use a shield: true
     0 | D:1      | 0 ||| qw: God list: Okawaru
     0 | D:1      | 0 ||| qw: Allow faded altars: false
     0 | D:1      | 0 ||| qw: Do Orc after D:15 true
     0 | D:1      | 0 ||| qw: Do second Lair branch before Depths: true
     0 | D:1      | 0 ||| qw: Lair rune preference: random
     0 | D:1      | 0 ||| qw: Plans: Normal, Zot:1-4, Slime:5, God:TSO, Crypt,
                  | Tomb, Abyss, Pan, Hells, Win
     0 | D:1      | 0 ||| PLANNING D:1-11
   170 | D:1      | Reached XP level 2. HP: 17/17 MP: 2/2
   828 | D:1      | 828 ||| UPGRADING to +0 ring mail.
   838 | D:1      | 838 ||| DROPPING +0 leather armour.
   839 | D:1      | 839 ||| READING scroll labelled TIUHOWN CESORO.
   840 | D:1      | 840 ||| READING scroll labelled BEEPPO NOSOROCH.
   841 | D:1      | 841 ||| READING scroll labelled QIYRHO LOTIDOS.
   842 | D:1      | 842 ||| READING scroll labelled CUFYMOOSIO.
   843 | D:1      | 843 ||| READING scroll labelled LODITOPRAH.
   844 | D:1      | 844 ||| READING 2 scrolls labelled PEERGH DECUETAR.
   845 | D:1      | 845 ||| READING scroll of enchant weapon.
   845 | D:1      | 845 ||| ENCHANTING +1 shortbow.
   846 | D:1      | 846 ||| DROPPING scroll of butterflies.
   899 | D:2      | Reached XP level 3. HP: 21/21 MP: 3/3
  1059 | D:2      | Reached skill level 1 in Armour
  1264 | D:2      | 1264 ||| READING scroll labelled COHAES GEYKHA.
  1281 | D:2      | 1281 ||| DRINKING 2 fuming blue potions.
  1328 | D:3      | Reached skill level 5 in Ranged Weapons
  1758 | D:3      | Reached XP level 4. HP: 27/27 MP: 4/4
  1836 | D:3      | Reached skill level 3 in Fighting
  1937 | D:3      | 1937 ||| READING scroll labelled PIFOUK ZISA.
  1938 | D:3      | 1938 ||| DRINKING 2 dark potions.
  1963 | D:4      | 1963 ||| PLANNING SEWER
  2016 | D:4      | Noticed a scorpion
  2024 | D:4      | Killed a scorpion
  2025 | D:4      | Reached skill level 6 in Ranged Weapons
  2025 | D:4      | Reached XP level 5. HP: 18/32 MP: 5/5
  2036 | D:4      | 2036 ||| FLEEEEING.
  2045 | D:4      | 2045 ||| STAIRDANCE
  2079 | D:3      | 2079 ||| READING 3 scrolls labelled DICENO HOGAONK.
  2277 | D:4      | HP: 8/32 [orc/+0 war axe (6)]
  2278 | D:4      | 2278 ||| READING 2 scrolls of teleportation.
  2279 | D:4      | Slain by an orc

Levels and vault maps discovered:
D:1:      psy_arrival_spokes, layout_loops_corners, hangedman_feature_mirror
D:2:      layout_rooms
D:3:      layout_loops_ring
D:4:      layout_cave_pools, gup_sewer_entry_bubbles

Skill      XL: |  1  2  3  4 |
---------------+-------------+-----
Armour         | 1 |  1.0
Ranged Weapons | 5 6 |  6.0
Fighting       | 3 |  3.3
Dodging        | |  1.5
Stealth        | |  1.1

Action                     |  1- 3 |  4- 6 || total
---------------------------+-------+-------++-------
   Fire: Shortbow          |   122 |    68 ||   190
    Use: Scroll            |     8 |     3 ||    11
         Potion            |     1 |     1 ||     2
 Armour: Leather armour    |     3 |       ||     3
         Ring mail         |    31 |    22 ||    53
  Dodge: Dodged            |    32 |    37 ||    69

Table legend:
 A = Non-vault XP
 B = Vault XP
 C = Vault XP percentage of total XP
 D = Non-vault monster count
 E = Vault monster count
 F = Vault count percentage of total count
                 A         B        C        D         E       F
            +---------+---------+-------+---------+---------+-------
      Total |     214 |      25 |  10.5 |      49 |       8 |  14.0
            +---------+---------+-------+---------+---------+-------
        D:1 |      23 |      10 |  30.3 |      13 |       6 |  31.6
        D:2 |      17 |       0 |   0.0 |       9 |       0 |   0.0
        D:3 |      40 |       0 |   0.0 |      15 |       0 |   0.0
        D:4 |     134 |      15 |  10.1 |      12 |       2 |  14.3
            +---------+---------+-------+---------+---------+-------
